 Dungeon Crawl Stone Soup version 0.28.0-45-g0d030f2227 (webtiles) character file.

Game seed: 16576002392752163494

85 suse60 the Skirmisher (level 4, -2/41 HPs)
             Began as a Minotaur Monk on Apr 10, 2022.
             Slain by Terence
             ... wielding a +4 mace of protection
              (8 damage)
             ... on level 2 of the Dungeon.
             The game lasted 00:04:58 (1149 turns).

suse60 the Skirmisher (Minotaur Monk)               Turns: 1149, Time: 00:04:58

Health: -2/41      AC:  2    Str: 16    XL:     4   Next: 25%
Magic:  3/3        EV: 13    Int:  7    God:
Gold:   11         SH:  0    Dex: 14    Spells: 3/3 levels left

rFire   . . .      SeeInvis .   a - +0 hand axe
rCold   . . .      Faith    .   (no shield)
rNeg    . . .      Spirit   .   b - +0 robe
rPois   .          Reflect  .   (helmet restricted)
rElec   .          Harm     .   (no cloak)
rCorr   .          Rampage  .   (no gloves)
Will    .....                   (no boots)
Stlth   ++........              (no amulet)
HPRegen 0.13/turn               (no ring)
MPRegen 0.08/turn               (no ring)

@: no status effects
A: horns 2, retaliatory headbutt
a: no special abilities


You were on level 2 of the Dungeon.
You visited 1 branch of the dungeon, and saw 2 of its levels.

You collected 11 gold pieces.

Inventory:

Hand Weapons
 a - a +0 hand axe (weapon)
Missiles
 f - 2 javelins (quivered)
Armour
 b - a +0 robe (worn)
Scrolls
 c - 3 scrolls of identify {unknown}
 d - a scroll of magic mapping {unknown}
Potions
 e - 2 potions of curing {unknown}


   Skills:
 + Level 4.4 Fighting
 + Level 4.4 Axes
 + Level 2.0 Armour
 + Level 4.0 Dodging
 - Level 1.5 Stealth


You had 3 spell levels left.
You didn't know any spells.
Your spell library was empty.

Dungeon Overview and Level Annotations

Branches:
Dungeon (2/15)

Altars:

Annotations:
D:2 Terence


Innate Abilities, Weirdness & Mutations

You have a pair of horns on your head.
You reflexively headbutt those who attack you in melee.


Message History

Terence the Incautious comes into view.
He is wielding a +4 mace of protection and wearing a +1 scale mail of cold resistance.
Terence shouts!
You hear a shout!
Terence says, "How do you enjoy it?"
Throw: 3 javelins
Press: ? - help, Q - select action Shift-Dir - straight line, f - Terence
Aim: Terence, wielding a +4 mace of protection and wearing a +1 scale mail of cold resistance (64% to hit)
You throw a javelin.
The javelin pierces through Terence but does no damage.
You hit Terence but do no damage.
Terence hits you with a +4 mace of protection!
You barely miss Terence. You headbutt Terence.
Terence is moderately wounded.
Terence hits you with a +4 mace of protection.
A kobold comes into view. It is wielding a +0 short sword.
Terence hits you with a +4 mace of protection!
You barely miss Terence.
Terence is moderately wounded.
Terence hits you with a +4 mace of protection!
* * * LOW HITPOINT WARNING * * *
Terence screams, "I want your blood!"
You see here a bat corpse.
There is an open door here.
There is an open door here.
Things that are here:
a +0 club; a +0 robe You see here a jackal corpse.
You barely miss Terence.
Terence is lightly wounded.
Terence barely misses you. You furiously retaliate!
You headbutt Terence. You hit Terence but do no damage.
You headbutt Terence, but do no damage.
Terence is lightly wounded.
Terence hits you with a +4 mace of protection.
* * * LOW HITPOINT WARNING * * *
You hit Terence but do no damage.
Terence is lightly wounded.
Terence hits you with a +4 mace of protection.
* * * LOW HITPOINT WARNING * * *
Terence shouts, "Now you die!"
Terence hits you with a +4 mace of protection!
You die...

#........# #.#< #........#
#.#. #.<......# #.#.
############........# #.#.
#.......K...÷.......# ###.#'
#.#....#####........###.....
#.##..# ########..†).....
.#.....######## #.###.....
#.......K.@@...# #.#.....##
#.........(..#.# #.#######
##...........# #..
#...........# ###
#...........# #...........#
#...........# #############


You could see Terence and a kobold.

Vanquished Creatures
  Jessica (D:2)
  2 adders (D:2)
  A dart slug (D:2)
  9 bats
  An endoplasm (D:2)
  2 giant cockroaches
  2 goblins
  2 hobgoblins
  8 jackals
  6 ball pythons
  A frilled lizard (D:1)
  A rat (D:1)
36 creatures vanquished.

Notes
Turn   | Place    | Note
-------+----------+-------------------------------------------
     0 | D:1      | suse60 the Minotaur Monk began the quest for the Orb.
     0 | D:1      | Reached XP level 1. HP: 19/19 MP: 0/0
   165 | D:1      | Reached XP level 2. HP: 27/27 MP: 1/1
   228 | D:1      | Reached skill level 1 in Armour
   465 | D:1      | Found a faded altar of an unknown god.
   777 | D:2      | Reached XP level 3. HP: 32/33 MP: 2/2
   972 | D:2      | Noticed Jessica
   983 | D:2      | Killed Jessica
   984 | D:2      | Reached XP level 4. HP: 40/41 MP: 3/3
  1063 | D:2      | Noticed Terence
  1149 | D:2      | Slain by Terence

Illustrated notes

Levels and vault maps discovered:
D:1:      lemuel_arrival_room, layout_basic,
          shapermc_ecumenical_altar_mp_vishouse
D:2:      layout_basic, uniq_jessica, uniq_terence

Skill      XL: |  1  2  3 |
---------------+----------+-----
Armour         | 1 2 |  2.0
Fighting       | 4 |  4.4
Axes           | 4 |  4.4
Dodging        | 4 |  4.0
Stealth        | |  1.5

Action                   |  1- 3 |  4- 6 || total
-------------------------+-------+-------++-------
Melee: Hand axe          |    61 |    13 ||    74
       Headbutt          |    13 |     4 ||    17
       Punch             |     1 |     1 ||     2
Throw: Javelin           |     6 |     1 ||     7
 Stab: Sleeping          |     1 |     1 ||     2
       Distracted        |     1 |       ||     1
Armor: Robe              |    12 |     8 ||    20
Dodge: Dodged            |    45 |     6 ||    51
